 Dungeon Crawl Stone Soup version 0.30.1 (webtiles) character file.

Game seed: 5592676964935920917

8628 Peloso the Protected (level 11, -6/97 HPs)
             Began as a Minotaur Fighter on July 2, 2023.
             Was an Elder of Okawaru.
             Mangled by a komodo dragon (7 damage)
             ... on level 11 of the Dungeon.
             The game lasted 00:20:26 (9637 turns).

Peloso the Protected (Minotaur Fighter)             Turns: 9637, Time: 00:20:27

Health: -6/97      AC: 19    Str: 26    XL:     11   Next: 12%
Magic:  11/11      EV:  8    Int:  5    God:    Okawaru [****..]
Gold:   360        SH: 11    Dex: 15    Spells: 10/10 levels left

rFire   . . .        b - +7 spear of Futauhap {flame, Str+3 Dex+3}
rCold   . . .        d - +0 kite shield
rNeg    . . .        A - +0 plate armour
rPois   .            (helmet restricted)
rElec   .            J - +1 cloak {rCorr}
rCorr   +            (no gloves)
SInv    .            H - +0 pair of boots
Will    .....        (no amulet) Stlth
                     (no ring)
HPRegen 0.36/turn    (no ring)
MPRegen 0.12/turn

%: no passive effects
@: no status effects
A: horns 2, retaliatory headbutt
a: Renounce Religion, Heroism, Finesse


You were on level 11 of the Dungeon.
You worshipped Okawaru.
Okawaru was greatly pleased with you.
You visited 2 branches of the dungeon, and saw 12 of its levels.

You collected 591 gold pieces.
You spent 231 gold pieces at shops.

Inventory:

Hand Weapons
 a - a +0 long sword
 b - the +7 spear of Futauhap (weapon) {flame, Str+3 Dex+3}
   (You found it on level 8 of the Dungeon)

   Str:       It affects your strength (+3).
   Dex:       It affects your dexterity (+3).
Missiles
 p - a throwing net (quivered)
Armour
 c - a +0 buckler
 d - a +0 kite shield (worn)
 w - a +0 cloak
 A - a +0 plate armour (worn)
 F - a +0 scale mail of willpower
 H - a +0 pair of boots (worn)
 J - a +1 cloak of preservation (worn)
Jewellery
 v - a +6 ring of dexterity
 z - a +6 ring of intelligence
 E - a ring of wizardry
Wands
 n - a wand of roots (8)
 r - a wand of flame (42)
 y - a wand of light (18)
 M - a wand of mindburst (5)
Scrolls
 e - a scroll of summoning {unknown}
 h - a scroll of brand weapon {unknown}
 i - a scroll of torment
 j - a scroll of enchant weapon {unknown}
 l - 2 scrolls of teleportation {unknown}
 m - a scroll of acquirement
 o - a scroll of poison {unknown}
 q - 2 scrolls of enchant armour {unknown}
 s - a scroll of immolation {unknown}
 t - a scroll of fear {unknown}
 D - a scroll of noise {unknown}
 G - a scroll of blinking {unknown}
 I - 2 scrolls of silence {unknown}
 N - a scroll of amnesia {unknown}
Potions
 f - a potion of cancellation
 g - 2 potions of might
 k - 3 potions of haste
 u - 5 potions of brilliance
 x - a potion of heal wounds
 B - 4 potions of curing
 C - 3 potions of mutation
 K - 2 potions of flight


   Skills:
 + Level 9.3 Fighting
 + Level 9.7 Long Blades
 + Level 6.3 Polearms
 + Level 11.0 Armour
 + Level 3.6 Dodging
 + Level 1.4 Stealth
 + Level 10.2 Shields
 + Level 1.4 Invocations
 + Level 0.3 Evocations


You had 10 spell levels left.
You didn't know any spells.
Your spell library contained the following spells:

 Spells                   Type           Power      Damage    Failure   Level
 Apportation              Tloc           0%         N/A       100%        1
 Kiss of Death            Conj/Necr      0%         2d5       100%        1
 Necrotise                Necr           0%         1d4       100%        1
 Shock                    Conj/Air       0%         1d3       100%        1
 Confusing Touch          Hex            0%         N/A       100%        3
 Portal Projectile        Hex/Tloc       0%         N/A       100%        3
 Swiftness                Air            0%         N/A       100%        3
 Airstrike                Air            0%         2d(0-16)  100%        4
 Dispel Undead            Necr           0%         3d6       100%        4
 Blade Hands              Tmut           0%         N/A       100%        5
 Orb of Destruction       Conj           0%         9d5       100%        7
 Summon Small Mammal      Summ           Unusable   N/A       N/A         1
 Summon Guardian Golem    Hex/Summ       Unusable   N/A       N/A         3
 Tukima's Dance           Hex            Unusable   N/A       N/A         3
 Spellforged Servitor     Conj/Summ      Unusable   N/A       N/A         7

Dungeon Overview and Level Annotations

Branches:
Dungeon (11/15)            Temple (1/1) D:5             Orc (0/2) D:9
   Lair: D:8-11

Altars:
Ashenzari
Cheibriados
Elyvilon
Fedhas
Gozag
Hepliaklqana
Kikubaaqudgha
Makhleb
Nemelex Xobeh
Okawaru
Qazlal
Ru
Trog
Uskayaw
Wu Jian
Xom
Zin

Shops:
D:1 ?   D:9 [

Portals:
Trove: D:10 (give 15 scrolls of teleportation)

Annotations:
D:5 2 transporters, Pascal76's ghost, amateur GrBe


Innate Abilities, Weirdness & Mutations

You have a pair of horns on your head.
You reflexively headbutt those who attack you in melee.


Message History

You hit the steam dragon. You burn the steam dragon.
The steam dragon is almost dead.
The steam dragon breathes steam at you.
The ball of steam hits you but does no damage.
You hear an angry hiss.
You hit the steam dragon. You burn the steam dragon.
You kill the steam dragon!
Okawaru accepts your kill.
The steam dragon scales are intact enough to wear.
You are engulfed in a cloud of scalding steam.
Found a scroll labelled LAM ENEUNAILED.
Things that are here:
+0 steam dragon scales; a steam dragon corpse You now have 351 gold pieces (gained 13).
You are engulfed in a cloud of scalding steam.
You now have 360 gold pieces (gained 9).
A komodo dragon comes into view.
A komodo dragon is nearby!
The komodo dragon hisses angrily.
You barely miss the komodo dragon. The komodo dragon bites you!!
* * * LOW HITPOINT WARNING * * *
You puncture the komodo dragon! You burn the komodo dragon.
Your headbutt misses the komodo dragon.
The komodo dragon is moderately wounded.
You block the komodo dragon's attack.
You closely miss the komodo dragon.
The komodo dragon is moderately wounded.
You block the komodo dragon's attack.
You barely miss the komodo dragon.
The komodo dragon is moderately wounded.
The komodo dragon bites you!
* * * LOW HITPOINT WARNING * * *
You barely miss the komodo dragon.
The komodo dragon is lightly wounded.
The komodo dragon bites you!!
* * * LOW HITPOINT WARNING * * *
You hit the komodo dragon but do no damage.
The komodo dragon is lightly wounded.
The komodo dragon bites you!
You die...

# ##? ##..###### ###
...#...#.##..
..#......#.######
#####
...........##.#.##
#.##.
...#..[l......#.#
####..#
#####@.......###....##
#^#.##...†......##
###..####.#####.# ####
### ###


You could see a komodo dragon.

Vanquished Creatures
  A centaur warrior (D:10)
  A tengu warrior (D:10)
  A manticore (D:10)
  A gargoyle (D:10)
  3 komodo dragons
  4 trolls
  A meliai (shapeshifter) (D:10)
  A meliai (D:10)
  2 yaks (D:8)
  A wraith (D:10)
  A basilisk (D:11)
  2 steam dragons
  Eustachio (D:4)
  Menkaure (D:4)
  An acid dragon (D:10)
  4 orc warriors
  2 black bears
  4 ice beasts
  A sky beast (D:7)
  An ogre (D:6)
  A centaur (D:9)
  3 phantoms
  2 kobold brigands
  2 bullfrogs
  A scorpion (D:6)
  9 wights
  3 killer bees (D:8)
  An electric eel (D:7)
  6 howler monkeys
  2 hounds (D:6)
  3 gnoll boudas
  Crazy Yiuf (D:4)
  2 orc priests
  A wyvern simulacrum (D:8)
  4 orc wizards
  2 sleepcaps
  8 iguanas
  14 gnolls
  10 adders
  A shadow imp (D:7)
  2 white imps (D:7)
  An ufetubus (D:5)
  4 worms
  3 dart slugs
  20 orcs
  2 bats (D:1)
  3 endoplasms
  3 giant cockroaches
  10 goblins
  6 hobgoblins
  2 quokkas
  6 ball pythons
  3 frilled lizards
  18 kobolds
  6 rats
199 creatures vanquished.

Vanquished Creatures (others)
  An angel (D:7)
1 creature vanquished.

Grand Total: 200 creatures vanquished

Notes
Turn   | Place    | Note
-------+----------+-------------------------------------------
     0 | D:1      | Peloso the Minotaur Fighter began the quest for the Orb.
     0 | D:1      | Reached XP level 1. HP: 19/19 MP: 0/0
   201 | D:1      | Reached skill level 4 in Armour
   201 | D:1      | Reached XP level 2. HP: 21/27 MP: 1/1
   229 | D:1      | Found Ofewk's Magic Scroll Shop.
   552 | D:2      | Found a shimmering altar of Xom.
   578 | D:2      | Reached XP level 3. HP: 33/33 MP: 2/2
   805 | D:2      | Reached XP level 4. HP: 32/40 MP: 3/3
  1213 | D:3      | Found an iron altar of Okawaru.
  1259 | D:3      | Found a bloodstained altar of Trog.
  1268 | D:3      | Became a worshipper of Warmaster Okawaru
  1285 | D:3      | Reached skill level 1 in Dodging
  1922 | D:3      | Found a faded altar of an unknown god.
  1926 | D:3      | Found a sparkling altar of Nemelex Xobeh.
  2014 | D:4      | Reached XP level 5. HP: 36/47 MP: 4/4
  2063 | D:4      | Noticed a black bear
  2071 | D:4      | Killed a black bear
  2123 | D:4      | Noticed Eustachio
  2214 | D:4      | Killed Eustachio
  2215 | D:4      | Reached skill level 5 in Long Blades
  2215 | D:4      | Reached skill level 5 in Armour
  2215 | D:4      | Reached skill level 5 in Shields
  2215 | D:4      | Reached XP level 6. HP: 52/55 MP: 5/5
  2437 | D:4      | Found a blossoming altar of Fedhas.
  2486 | D:4      | Reached * piety under Okawaru
  2682 | D:4      | Found a runed translucent door.
  2683 | D:4      | Noticed Crazy Yiuf
  2764 | D:4      | Noticed Menkaure
  2774 | D:4      | Killed Menkaure
  2775 | D:4      | Reached skill level 5 in Fighting
  2775 | D:4      | Reached XP level 7. HP: 22/61 MP: 3/6
  3048 | D:4      | Killed Crazy Yiuf
  3096 | D:5      | Entered Level 5 of the Dungeon
  3138 | D:5      | Found a staircase to the Ecumenical Temple.
  3151 | Temple   | Entered the Ecumenical Temple
  3215 | D:5      | Reached skill level 6 in Armour
  3360 | D:5      | Noticed Pascal76's ghost (amateur GrBe)
  3368 | D:5      | Found a transporter.
  3373 | D:5      | Found a transporter.
  3398 | D:5      | Found a hide-covered altar of Uskayaw.
  3458 | D:5      | Noticed a troll
  3468 | D:5      | Killed a troll
  3481 | D:5      | Reached XP level 8. HP: 38/69 MP: 3/7
  3806 | D:5      | Reached skill level 1 in Stealth
  4240 | D:5      | Reached skill level 1 in Invocations
  4623 | D:5      | Reached skill level 7 in Armour
  4914 | D:6      | Reached XP level 9. HP: 75/78 MP: 8/8
  5273 | D:6      | Identified a scroll of acquirement
  5509 | D:7      | Killed an angel
  5552 | D:7      | Found a burning altar of Makhleb.
  5818 | D:7      | Found a shimmering altar of Xom.
  5820 | D:7      | Found a glowing silver altar of Zin.
  5858 | D:7      | Reached skill level 8 in Armour
  6109 | D:7      | Identified the staff of air "Paliegua" {rElec Dex+6}
  6479 | D:8      | Identified the +7 spear of Futauhap {flame, Str+3 Dex+3}
  6652 | D:8      | Reached ** piety under Okawaru
  6794 | D:8      | Reached skill level 9 in Armour
  6880 | D:8      | Reached skill level 1 in Polearms
  7166 | D:8      | Found a white marble altar of Elyvilon.
  7246 | D:8      | Found an ornate altar of the Wu Jian Council.
  7430 | D:9      | Noticed a troll
  7438 | D:9      | Killed a troll
  7439 | D:9      | Reached XP level 10. HP: 86/88 MP: 6/9
  7611 | D:9      | Found Gymm's Armour Shoppe.
  7612 | D:9      | Found a staircase to the Orcish Mines.
  7620 | D:9      | Bought a +1 cloak of preservation for 231 gold pieces
  7766 | D:9      | Found an ancient bone altar of Kikubaaqudgha.
  8237 | D:10     | Entered Level 10 of the Dungeon
  8263 | D:10     | Found a portal to a secret trove of treasure.
  8498 | D:10     | Reached skill level 10 in Armour
  8638 | D:10     | Noticed a gargoyle
  8645 | D:10     | Killed a gargoyle
  8832 | D:10     | Noticed a death knight
  8832 | D:10     | Noticed a green ugly thing
  8832 | D:10     | Noticed a death knight
  9151 | D:10     | Noticed a centaur warrior
  9155 | D:10     | Noticed a cane toad
  9157 | D:10     | Noticed a tengu warrior
  9162 | D:10     | Noticed a manticore
  9163 | D:10     | Killed a centaur warrior
  9163 | D:10     | Reached *** piety under Okawaru
  9164 | D:10     | Reached skill level 5 in Polearms
  9173 | D:10     | a cane toad changed into a meliai
  9188 | D:10     | Killed a manticore
  9207 | D:10     | Killed a tengu warrior
  9208 | D:10     | Reached skill level 10 in Shields
  9208 | D:10     | Reached XP level 11. HP: 26/97 MP: 9/11
  9602 | D:11     | Reached **** piety under Okawaru
  9603 | D:11     | Reached skill level 11 in Armour
  9636 | D:11     | HP: 1/97 [komodo dragon (19)]
  9637 | D:11     | Mangled by a komodo dragon

Illustrated notes

Levels and vault maps discovered:
D:1:      lightli_arrival_boilingwater, layout_basic, serial_shops, shop
D:2:      layout_basic, basic_altar
D:3:      layout_basic, lemuel_crystal_altar, mainiacjoe_overflow_paths,
          nicolae_overflow_ecumenical_swirl, minivault_24
D:4:      layout_cave_pools, fedhas_altar_3, uniq_eustachio,
          uniq_crazy_yiuf_cottage, uniq_menkaure
D:5:      kennysheep_big_flooded_room, layout_cave_pools,
          nicolae_uskayaw_murder_on_the_dancefloor,
          minmay_temple_entry_stoned_glass, gammafunk_ghost_hive,
          minmay_misc_feat_tower, kennysheep_generic_room_7
D:6:      layout_rooms
D:7:      layout_basic, grunt_temple_overflow_order_and_chaos_1, bloody_makhleb,
          nrook_pool_corridor, kennysheep_generic_room_16
D:8:      layout_basic, nicolae_wu_jian_wuxing_cycle, old_standard_altar,
          serial_ice, serial_ice_e, serial_ice_g, serial_ice_d, serial_ice_m,
          minmay_holes, ebering_dispersal_statue_hall
D:9:      layout_stronghold, mainiacjoe_overflow_concentric_impassable,
          orc_david_3
D:10:     minmay_the_grid_triangle_9x9_rhombus_thin
          [minmay_the_grid_triangle_9x9_descending_squares,
          minmay_the_grid_triangle_9x9_prize_insulated,
          minmay_the_grid_triangle_9x9_zippers_vertical,
          minmay_the_grid_triangle_9x9_corruption], layout_basic,
          vehumet_altar_wand_db, nicolae_trove_entry_crossroad, minivault_28
D:11:     layout_basic, erik_lair_dragon
Temple:   eino_temple_lava

Skill      XL: |  1  2  3  4  5  6  7  8  9 10 11 |
---------------+----------------------------------+-----
Armour         | 4 5 6 7 9 10 11 | 11.0
Shields        | 4 5 6 8 10 | 10.2
Fighting       | 4 5 6 7 9 |  9.3
Long Blades    | 3 4 5 6 8 9 |  9.7
Dodging        | 1 2 3 |  3.6
Stealth        | 1 |  1.4
Invocations    | 1 |  1.4
Polearms       | 2 6 |  6.3
Evocations     | |  0.3

Action                     |  1- 3 |  4- 6 |  7- 9 | 10-12 || total
---------------------------+-------+-------+-------+-------++-------
  Melee: Long sword        |    69 |   106 |   281 |       ||   456
         Headbutt          |    12 |    32 |    82 |    30 ||   156
         Spear             |       |       |    69 |   144 ||   213
 Invoke: Heroism           |       |     1 |    10 |     3 ||    14
  Evoke: Wand              |       |       |     2 |       ||     2
    Use: Potion            |     2 |       |     1 |     3 ||     6
         Scroll            |       |       |     6 |     5 ||    11
 Armour: Scale mail        |    24 |    49 |    18 |       ||    91
         Plate armour      |       |       |   123 |    63 ||   186
  Dodge: Dodged            |    17 |    48 |   115 |    39 ||   219
  Block: Buckler           |    10 |       |       |       ||    10
         Kite shield       |    11 |    55 |   192 |   117 ||   375
